 Dungeon Crawl Stone Soup version 0.28.0-53-g5a82cb258f (webtiles) character file.

Game seed: 13032766900520289617

609 Plasmagod the Twirler (level 7, -1/54 HPs)
             Began as a Formicid Fighter on July 25, 2022.
             Slain by an ufetubus (3 damage)
             ... on level 4 of the Dungeon.
             The game lasted 00:07:07 (3329 turns).

Plasmagod the Twirler (Formicid Fighter)            Turns: 3329, Time: 00:07:08

Health: -1/54      AC: 11    Str: 22    XL:     7   Next: 71%
Magic:  7/7        EV:  7    Int: 10    God:
Gold:   108        SH:  4    Dex: 10    Spells: 6/6 levels left

rFire   . . .      SeeInvis +   a - +1 quarterstaff
rCold   . . .      Faith    .   c - +0 buckler
rNeg    . . .      Spirit   .   g - +0 chain mail
rPois   .          Reflect  .   (helmet unavailable)
rElec   .          Harm     .   j - +0 cloak
rCorr   .          Rampage  .   (no gloves)
Will    .....                   (no boots)
Stlth   ..........              (no amulet)
HPRegen 0.18/turn               (no ring)
MPRegen 0.10/turn               (no ring)

@: lethally poisoned (-1 -> -25)
A: permanent stasis, dig shafts and tunnels, antennae 3, four strong arms,
clever 1, mutation resistance 1
a: Dig, Shaft Self


You were on level 4 of the Dungeon.
You visited 1 branch of the dungeon, and saw 4 of its levels.
You also visited: Ossuary.

You collected 108 gold pieces.

Inventory:

Hand Weapons
 a - a +1 quarterstaff (weapon)
Missiles
 d - 6 silver javelins (quivered)
Armour
 c - a +0 buckler (worn)
 g - a +0 chain mail (worn)
 j - a +0 cloak (worn)
Jewellery
 n - an amulet of magic regeneration
Scrolls
 e - a scroll of teleportation {unknown}
 h - a scroll of immolation {unknown}
 i - a scroll of silence {unknown}
 m - a scroll of fear {unknown}
 o - a scroll of amnesia {unknown}
 q - 2 scrolls of fog {unknown}
 u - a scroll of enchant armour {unknown}
Potions
 b - a potion of magic {unknown}
 f - a potion of attraction {unknown}
 p - 2 potions of ambrosia
 r - a potion of heal wounds
 s - 2 potions of cancellation
 t - a potion of haste {unknown}
 v - a potion of lignification {unknown}


   Skills:
 + Level 4.3 Fighting
 + Level 6.2 Staves
 + Level 0.1 Throwing
 + Level 5.1 Armour
 + Level 0.6 Dodging
 + Level 0.8 Stealth
 + Level 4.2 Shields


You had 6 spell levels left.
You didn't know any spells.
Your spell library contained the following spells:

 Spells                   Type           Power      Damage    Failure   Level
 Slow                     Hex            0%         N/A       98%         1
 Ensorcelled Hibernation  Hex/Ice        0%         N/A       99%         2
 Passwall                 Tmut/Erth      0%         N/A       99%         2
 Fulminant Prism          Conj/Hex       0%         3d6       100%        4
 Iskenderun's Mystic Bla  Conj/Tloc      0%         2d3       100%        4
 Lee's Rapid Deconstruct  Erth           0%         3d5*      100%        5
 Swiftness                Air            Unusable   N/A       N/A         3

Dungeon Overview and Level Annotations

Branches:
Dungeon (4/15)            Ossuary (visited)
 Temple: D:4-7

Altars:
Elyvilon

Shops:
D:1 *


Innate Abilities, Weirdness & Mutations

You cannot be hasted, slowed, berserked, paralysed or teleported.
You can dig through walls and to a lower floor.
You have a pair of large antennae on your head. (SInv)
Your four strong arms can wield two-handed weapons with a shield.
Your mind is acute. (Int +2)
You are somewhat resistant to further mutation.


Message History

The killer bee stings you but does no damage.
As you read the scroll labelled TUF FYEPNASOAKK, it crumbles to dust.
It is a scroll of enchant weapon.
Your +0 quarterstaff glows red for a moment.
* * * LOW HITPOINT WARNING * * *
You feel very sick. The ufetubus closely misses you.
You block the ufetubus's attack. The killer bee barely misses you.
The ufetubus hits you but does no damage. x2
The killer bee stings you but does no damage.
Okay, then.
You feel much better.
You feel very sick. You block the killer bee's attack.
The ufetubus barely misses you.
The ufetubus hits you but does no damage.
The killer bee stings you.
You are lethally poisoned!
The killer bee poisons you!
You miss the killer bee.
The killer bee is moderately wounded.
* * * LOW HITPOINT WARNING * * *
You feel very sick. The ufetubus completely misses you.
You block the ufetubus's attack. The killer bee closely misses you.
The killer bee stings you but does no damage.
You block the ufetubus's attack. The ufetubus hits you.
* * * LOW HITPOINT WARNING * * *
You hit the killer bee.
The killer bee is heavily wounded.
* * * LOW HITPOINT WARNING * * *
You feel very sick. The killer bee stings you.
* * * LOW HITPOINT WARNING * * *
You are more poisoned.
The killer bee poisons you!
The ufetubus hits you but does no damage. x2
The killer bee stings you.
* * * LOW HITPOINT WARNING * * *
The ufetubus hits you.
You die...

...........###.......#.#
...........###.#######
...................
........>..........
####......#.#######
..######.#### # { ...#
#....# :.'
#...y####....#
#..yyy@5......
###..yy######### .
#.....{# ....####.####.#
....y{{.........
y....g....####.###
....###### ... ### ..#
###


You could see 6 killer bees and an ufetubus.

Vanquished Creatures
  Grinder (D:3)
  Sigmund (D:3)
  An ogre (D:4)
  A centaur zombie (Ossuary)
  3 mummies
  A hound skeleton (D:4)
  An adder (D:2)
  An adder zombie (Ossuary)
  3 dart slugs
  2 orcs (D:3)
  6 endoplasms
  2 giant cockroaches
  5 goblins (D:1)
  5 hobgoblins
  2 jackals (D:2)
  3 kobolds (D:1)
  2 quokkas
  3 ball pythons
  7 bats
  3 frilled lizards
  2 goblin zombies (Ossuary)
  15 hobgoblin zombies (Ossuary)
  11 kobold zombies (Ossuary)
  8 orc zombies
  4 rats
93 creatures vanquished.

Notes
Turn   | Place    | Note
-------+----------+-------------------------------------------
     0 | D:1      | Plasmagod the Formicid Fighter began the quest for the Orb.
     0 | D:1      | Reached XP level 1. HP: 18/18 MP: 1/1
    56 | D:1      | Found Iwnaudixt's General Store.
    75 | D:1      | Reached XP level 2. HP: 20/24 MP: 2/2
   504 | D:1      | Reached XP level 3. HP: 24/29 MP: 3/3
  1056 | D:2      | Reached XP level 4. HP: 35/35 MP: 4/4
  1348 | D:3      | Found a faded altar of an unknown god.
  1358 | D:3      | Got Plato's Disquisition on Enchantment
  1385 | D:3      | Reached skill level 3 in Staves
  1508 | D:3      | Noticed Grinder
  1523 | D:3      | Killed Grinder
  1524 | D:3      | Reached skill level 4 in Staves
  1524 | D:3      | Reached XP level 5. HP: 9/42 MP: 5/5
  1524 | D:3      | Reached XP level 6. HP: 10/48 MP: 6/6
  1762 | D:3      | Found a white marble altar of Elyvilon.
  2111 | D:3      | Noticed Sigmund
  2134 | D:3      | Killed Sigmund
  2135 | D:3      | Reached skill level 5 in Staves
  2135 | D:3      | Reached skill level 5 in Armour
  2135 | D:3      | Reached XP level 7. HP: 33/54 MP: 7/7
  2834 | D:4      | Found a sand-covered staircase.
  2846 | Ossuary  | Entered an ossuary
  3059 | Ossuary  | Reached skill level 6 in Staves
  3325 | D:4      | Gained mutation: Your mind is acute. (Int +2) [potion of
                  | mutation]
  3325 | D:4      | Gained mutation: You are somewhat resistant to further
                  | mutation. [potion of mutation]
  3329 | D:4      | HP: 2/54 [killer bee (3)]
  3329 | D:4      | Slain by an ufetubus

Illustrated notes

Levels and vault maps discovered:
D:1:      minmay_arrival_semitransparent, layout_basic, serial_shops, shop
D:2:      layout_basic, basic_altar
D:3:      layout_loops_corners, mainiacjoe_overflow_six_doors_small,
          shapermc_ecumenical_altar_rom_forum, grunt_ministairs_15,
          guppyfry_early_lair_pool, uniq_sigmund, uniq_grinder
D:4:      cheibrodos_barr_body, layout_basic, lemuel_temple_firewalk_b,
          nicolae_ossuary_entry_giza, uniq_blork_the_orc

Skill      XL: |  1  2  3  4  5  6  7 |
---------------+----------------------+-----
Armour         | 4 5 |  5.1
Shields        | 4 |  4.2
Staves         | 4 5 6 |  6.2
Fighting       | 4 |  4.3
Throwing       | |  0.1
Dodging        | |  0.6
Stealth        | |  0.8

Action                   |  1- 3 |  4- 6 |  7- 9 || total
-------------------------+-------+-------+-------++-------
Melee: Quarterstaff      |    70 |    59 |   161 ||   290
Throw: Javelin           |       |     2 |       ||     2
  Use: Potion            |       |     1 |     2 ||     3
       Scroll            |       |       |     4 ||     4
Armor: Scale mail        |    13 |       |       ||    13
       Chain mail        |    34 |    35 |   116 ||   185
Dodge: Dodged            |    20 |    15 |    57 ||    92
Block: Buckler           |    18 |     5 |    35 ||    58
